AoeStats
← ItsBocchi

Arena

510406987Analyzed
4v4 RM · 2d ago on Sep 30, 2026· 34m 56s· 8 players
Game mode
Random Map
Map size
Large (8 player)
Population
200
Speed
Normal
Resources
Standard
Victory
Conquest
Starting age
Dark Age
Ending age
Imperial Age
RankedLock teamsTeams togetherTeam positionsShared explorationLock speedFull tech treeHidden civsTurbo modeCheats
Victory
Defeat
🇺🇸 Armenians · United States
1156
+9
🇳🇴 Italians · Norway
1138
+10
🇳🇱 Danes · Netherlands
1013
+14
🇵🇱 Varangians · Poland
968
+16
🇵🇪 Danes · Peru
1040
-14
🇨🇴 Mongols · Colombia
998
-13
🇨🇱 Slavs · Chile
973
-12
🇫🇷 Turks · France
930
-10
VIT.DanielCR
10:20 Feudal Age
14:32 Castle Age
13:02 Double-Bit Axe
15:54 Horse Collar
18:44 Loom
20:58 Wheelbarrow
24:35 Hand Cart
25:15 Bow Saw
26:00 Fletching
26:10 Padded Archer Armor
27:23 Bodkin Arrow
28:25 Leather Archer Armor
ItsBocchi
10:21 Feudal Age
12:12 Double-Bit Axe
13:11 Horse Collar
16:14 Castle Age
16:21 Gold Mining
16:21 Stone Mining
20:37 Loom
21:27 Wheelbarrow
28:51 Bow Saw
0204isaias
3:33 Loom
11:23 Feudal Age
17:14 Castle Age
16:13 Double-Bit Axe
19:51 Horse Collar
20:04 Gold Mining
27:04 Heavy Plow
32:18 Imperial Age
30:30 Masonry
31:05 Wheelbarrow
31:10 Gold Shaft Mining
30:55 Bow Saw
32:16 Forging
32:12 Scale Barding Armor
32:07 Murder Holes
32:13 Gambesons
32:29 Squires
32:14 Arson
33:25 Conscription
35:21 Hand Cart
apexeaglex
11:33 Feudal Age
12:18 Double-Bit Axe
12:15 Horse Collar
15:09 Loom
17:43 Castle Age
16:02 Stone Mining
19:20 Wheelbarrow
18:32 Town Watch
20:16 Bow Saw
20:09 Heavy Plow
20:37 Fletching
24:57 Gold Mining
31:57 Bodkin Arrow
sakuzi
11:22 Feudal Age
11:48 Man-at-Arms
13:19 Long Swordsman
14:07 Double-Bit Axe
17:52 Forging
23:56 Scale Mail Armor
31:36 Castle Age
32:15 Two-Handed Swordsman
32:56 Squires
32:49 Gambesons
34:52 Champion
Atlicious
8:19 Loom
10:31 Feudal Age
14:14 Castle Age
12:41 Double-Bit Axe
14:39 Fletching
17:40 Bodkin Arrow
17:46 Padded Archer Armor
30:17 Horse Collar
33:19 Wheelbarrow
KoryT
11:30 Feudal Age
12:43 Loom
16:36 Castle Age
14:47 Double-Bit Axe
15:09 Horse Collar
16:12 Scale Barding Armor
17:03 Bloodlines
22:07 Husbandry
23:12 Gold Mining
25:24 Wheelbarrow
25:33 Chain Barding Armor
26:25 Forging
28:03 Iron Casting
28:21 Stone Mining
29:03 Bow Saw
30:35 Fletching
Medina90
11:33 Feudal Age
15:19 Castle Age
13:52 Double-Bit Axe
15:35 Horse Collar
17:49 Wheelbarrow
22:31 Scale Mail Armor
22:41 Forging
23:35 Chain Mail Armor
25:54 Iron Casting
28:19 Gold Mining
29:43 Hand Cart
29:13 Loom
30:16 Gold Shaft Mining
36:29 Imperial Age
Connection lost

Rejoining the realm…

Still unreachable

The connection could not be restored.

Session expired

The server has moved on; the page needs a fresh start.